AoeStats
← Q-chu

Four Lakes

509343367Analyzed
1v1 RM · 6d ago on Sep 26, 2026· 16m 43s· 2 players
Game mode
Random Map
Map size
Tiny (2 player)
Population
200
Speed
Normal
Resources
Standard
Victory
Conquest
Starting age
Dark Age
Ending age
Imperial Age
RankedLock teamsTeams togetherTeam positionsShared explorationLock speedFull tech treeHidden civsTurbo modeCheats
Victory
Defeat
🇧🇬 Lithuanians · Bulgaria
1245
+14
🇩🇪 Varangians · Germany
1205
-14
RealManwe
5:08 Loom
10:24 Feudal Age
15:17 Double-Bit Axe
15:16 Horse Collar
Q-chu
6:19 Loom
9:29 Feudal Age
11:05 Town Watch
15:47 Wheelbarrow
15:01 Double-Bit Axe
Connection lost

Rejoining the realm…

Still unreachable

The connection could not be restored.

Session expired

The server has moved on; the page needs a fresh start.